 Dungeon Sprint DCSS version 0.27-a0-978-g2aa4ecdaef (webtiles) character file.

Game seed: 12119113701807891270

93 mhtbhm the Geomancer (level 4, -2/36 HPs)
             Began as a Gargoyle Earth Elementalist on Apr 14, 2021.
             Slain by a hound (5 damage)
             ... in the Dungeon (Sprint IX: "|||||||||||||||||||||||||||||").
             The game lasted 00:00:38 (211 turns).

mhtbhm the Geomancer (Gargoyle Earth Elementalist)   Turns: 211, Time: 00:00:38

Health: -2/36      AC:  5    Str: 11    XL:     4   Next: 62%
Magic:  1/10       EV: 12    Int: 17    God:
Gold:   0          SH:  0    Dex: 10    Spells: 11/12 levels left

rFire    . . .     SeeInvis .   a - +0 whip
rCold    . . .     Faith    .   (no shield)
rNeg     + . .     Spirit   .   c - +0 robe
rPois    ∞         Reflect  .   (no helmet)
rElec    +         Harm     .   (no cloak)
rCorr    .         Rampage  .   (no gloves)
Will     .....     NoTele   +   (no boots)
Stlth    ..........             (no amulet)
HPRegen  0.12/turn              (no ring)
MPRegen  0.12/turn              (no ring)

@: berserking (expiring), very quick
A: AC +3, negative energy resistance 1, electricity resistance, torment
resistance 1, unbreathing 1, petrification resistance
a: no special abilities


You were in the Dungeon.
You visited 1 branch

Inventory:

Hand Weapons
 a - a +0 whip (weapon)
Missiles
 b - 26 stones
Armour
 c - a +0 robe (worn)
Scrolls
 i - a scroll of blinking
Potions
 d - a potion of curing
 e - a potion of heal wounds
 f - a potion of haste
 g - 2 potions of magic


   Skills:
 + Level 2.8 Dodging
 + Level 3.8 Stealth
 + Level 4.6 Spellcasting
 + Level 1.0 Transmutations
 + Level 8.2 Earth Magic


You had 11 spell levels left.
You knew the following spells:

 Your Spells              Type           Power      Damage    Failure   Level
a - Sandblast             Erth           62%        2d14      1%          1

Your spell library contained the following spells:

 Spells                   Type           Power      Damage    Failure   Level
 Passwall                 Tmut/Erth      15%        N/A       3%          2
 Stone Arrow              Conj/Erth      34%        3d9       9%          3
 Lee's Rapid Deconstruct  Erth           15%        3d11*     14%         5
 Petrify                  Tmut/Erth      19%        N/A       22%         4


Dungeon Overview and Level Annotations

Branches:
Dungeon (1/1)

Altars:


Innate Abilities, Weirdness & Mutations

Your stone body is resilient. (AC +3)
You are immune to poison.
You resist negative energy. (rN+)
You are resistant to electric shocks. (rElec)
You are resistant to unholy torment.
You can survive without breathing.
You are immune to petrification.


Message History

Press: ? - help, Shift-Dir - straight line, f/p - scorpion
Aim: a scorpion (heavily wounded, 19% to evade)
The blast of sand hits the scorpion but does no damage.
The scorpion is heavily wounded.
The scorpion closely misses you.
Unknown command.
You aren't carrying any items that you can evoke.
Unknown command.
A red film seems to cover your vision as you go berserk!
You feel yourself moving faster!
You feel mighty! The scorpion stings you. x2
* * * LOW HITPOINT WARNING * * *
You closely miss the scorpion.
The scorpion is heavily wounded.
The scorpion stings you.
* * * LOW HITPOINT WARNING * * *
You barely miss the scorpion.
The scorpion is heavily wounded.
You hit the scorpion.
The scorpion is severely wounded.
The scorpion stings you.
* * * LOW HITPOINT WARNING * * *
You hit the scorpion.
The scorpion is almost dead.
The scorpion barely misses you.
Unknown command.
You whack the scorpion!
You kill the scorpion!
The hound bites you but does no damage.
Your Spellcasting skill increases to level 4!
Your Transmutations skill increases to level 1!
Your Earth Magic skill gained 2 levels and is now at level 8!
You have reached level 4!
You feel clever.
There is an open door to the Dungeon here.
You feel a strong urge to attack something.
You closely miss the hound. The hound closely misses you.
You hit the hound.
The hound is moderately wounded.
The hound bites you.
You die... ▓▓▓▓▓▓▓▓▓▓▓▓▓▓▓▓▓▓ +.....'...sSh@..<▓ ▓▓▓▓▓▓▓▓▓▓▓▓▓▓▓▓▓▓

You could see a scorpion, a hound and an adder.

Vanquished Creatures
  A scorpion (D)
  A jelly (D)
  An endoplasm (D)
  A goblin (D)
  A kobold (D)
  2 ball pythons (D)
7 creatures vanquished.

Notes
Turn   | Place    | Note
-------+----------+-------------------------------------------
     0 | D        | mhtbhm the Gargoyle Earth Elementalist began the quest for
                  | the Orb.
     0 | D        | Reached XP level 1. HP: 10/10 MP: 3/3
     5 | D        | Reached skill level 4 in Earth Magic
   193 | D        | Noticed a scorpion
   193 | D        | Noticed a hound
   193 | D        | Noticed a scorpion
   193 | D        | Noticed a jelly
   195 | D        | Killed a jelly
   196 | D        | Reached skill level 6 in Earth Magic
   196 | D        | Reached XP level 2. HP: 15/15 MP: 2/6
   196 | D        | Reached XP level 3. HP: 19/19 MP: 2/8
   207 | D        | Killed a scorpion
   208 | D        | Reached skill level 1 in Transmutations
   208 | D        | Reached skill level 8 in Earth Magic
   208 | D        | Reached XP level 4. HP: 2/24 MP: 1/10
   211 | D        | Slain by a hound

Illustrated notes

Levels and vault maps discovered:
D:        linesprint [early_d, line_temple, items_1, d_10, items_2, lair_1,
          lair_end, items_3, orc_1, orc_end, items_4, d_15, swamp_1, shoals_1,
          snake_1, spider_1, d_20, vaults_1, items_5, swamp_end, shoals_end,
          snake_end, spider_end, vaults_end, d_27, items_6, zot_1, zot_end,
          crypt_end, forest_end, elf_end, slime_end, tomb_end, abyss_end,
          pan_hell_end]

Skill      XL: |  1  2  3 |
---------------+----------+-----
Earth Magic    | 6 8 |  8.2
Dodging        | 2 |  2.8
Stealth        | 3 |  3.8
Spellcasting   | 3 4 |  4.6
Transmutations | 1 |  1.0

Action                   |  1- 3 |  4- 6 || total
-------------------------+-------+-------++-------
Melee: Whip              |     5 |     2 ||     7
 Cast: Sandblast         |     9 |       ||     9
  Use: Potion            |     1 |       ||     1
Armor: Robe              |     1 |       ||     1
Dodge: Dodged            |     4 |     1 ||     5

Table legend: (Time is in decaauts)
 A = Elapsed time spent in this place.
 B = Non-inter-level travel time spent in this place.
 C = Inter-level travel time spent in this place.
 D = Time resting spent in this place.
 E = Time spent auto-exploring this place.
 F = Levels seen in this place.
 G = Mean time per level.
                   A        B        C        D        E       F      G
               +--------+--------+--------+--------+--------+-----+--------+
         Total |    208 |    208 |      0 |    162 |      0 |   1 |  208.0 |
       Dungeon |    208 |    208 |      0 |    162 |      0 |   1 |  208.0 |
               +--------+--------+--------+--------+--------+-----+--------+

Top non-repeatable levels by time:
       D: 208 daAuts
